 Dungeon Crawl Stone Soup version 0.13.1-20-gf50ca03 (webtiles) character file.

270 Kae the Firebug (level 4, -11/24 HPs)
             Began as a Tengu Fire Elementalist on Dec 30, 2013.
             Mangled by a gnoll
             ... wielding a +1,+3 orcish halberd
              (17 damage)
             ... on Level 3 of the Dungeon.
             The game lasted 00:03:10 (2269 turns).

Kae the Firebug (Tengu Fire Elementalist)           Turns: 2269, Time: 00:03:10

HP -11/24        AC  2     Str  9      XL: 4   Next: 73%
MP   1/8         EV 12     Int 16      God:
Gold 170         SH  0     Dex 14      Spells:  3 memorised,  0 levels left

Res.Fire  : . . .   See Invis. : .   d - +0,+1 orc dagger
Res.Cold  : . . .   Warding    : .   a - +0 robe
Life Prot.: . . .   Conserve   : .   (no shield)
Res.Poison: .       Res.Corr.  : .   (helmet restricted)
Res.Elec. : .       Clarity    : .   (no cloak)
Sust.Abil.: . .     Spirit.Shd : .   (no gloves)
Res.Mut.  : .       Stasis     : .   (boots unavailable)
Res.Rott. : .       Flight     : .   (no amulet)
Saprovore : . . .                    (no ring)
                                     (no ring)

@: slightly resistant to hostile enchantments, fairly stealthy
A: beak, talons 3
a: no special abilities


You were on level 3 of the Dungeon.
You were near starving.

You visited 1 branch of the dungeon, and saw 3 of its levels.

You collected 150 gold pieces.

Inventory:

Hand weapons
 d - a +0,+1 orcish dagger (weapon)
Missiles
 f - 46 darts (quivered)
Armour
 a - a +0 robe (worn)
Comestibles
 c - 2 bread rations
 i - an apple
 q - a meat ration
Scrolls
 h - 2 scrolls of amnesia {unknown}
 k - a scroll of noise {unknown}
 m - 2 scrolls of teleportation {unknown}
 o - 2 scrolls of remove curse {unknown}
 p - a scroll of blinking {unknown}
 r - a scroll of enchant weapon I {unknown}
 t - a scroll of curse jewellery {unknown}
 v - a scroll of recharging {unknown}
Jewellery
 j - an uncursed amulet of inaccuracy {unknown}
Potions
 e - a potion of curing
 g - a potion of heal wounds {unknown}
 l - a potion of paralysis {unknown}
 n - a potion of flight {unknown}
 w - a potion of poison {unknown}
Books
 b - a book of Flames

   Spells                             Type                      Level
   *Flame Tongue                      Conjuration/Fire             1
   *Throw Flame                       Conjuration/Fire             2
   *Conjure Flame                     Conjuration/Fire             3
   Inner Flame                        Hexes/Fire                   3
   Sticky Flame                       Conjuration/Fire             4
   Fireball                           Conjuration/Fire             5


   Skills:
 - Level 2.1 Dodging
 - Level 2.0 Stealth
 + Level 1.8 Spellcasting
 * Level 3.6 Conjurations
 * Level 4.5 Fire Magic


You couldn't memorise any spells.
You knew the following spells:

 Your Spells              Type           Power        Failure   Level  Hunger
a - Flame Tongue          Conj/Fire      ##...        4%          1    ##.....
b - Throw Flame           Conj/Fire      ##....       8%          2    ###....
c - Conjure Flame         Conj/Fire      ##......     12%         3    ####...


Dungeon Overview and Level Annotations

Branches:
Dungeon (3/27)

Altars:
Kikubaaqudgha
Nemelex Xobeh
Zin


Innate Abilities, Weirdness & Mutations

You have a beak for a mouth.
You have claws for feet.


Message History

The gnoll hits you with a runed orcish halberd!
Ouch! That really hurt!
* * * LOW HITPOINT WARNING * * *
Casting: Flame Tongue
Confirm with . or Enter, or press ? or * to list all spells.
Aiming: Flame Tongue
Press: ? - help, Shift-Dir - straight line, f/p - gnoll
Aim: a gnoll, wielding a runed orcish halberd and wearing a robe (severely wounded)
The flame hits the gnoll.
The gnoll appears unharmed.
The gnoll is severely wounded.
Casting: Flame Tongue
Confirm with . or Enter, or press ? or * to list all spells.
Aiming: Flame Tongue
Press: ? - help, Shift-Dir - straight line, f/p - gnoll
Aim: a gnoll, wielding a runed orcish halberd and wearing a robe (severely wounded)
The flame hits the gnoll.
The gnoll appears unharmed.
The gnoll is severely wounded.
The gnoll hits you with a runed orcish halberd!
Ouch! That really hurt!
You die...

##.#.### #.#####.#.#
#.........# ########.###
#........# #.#####..#
#.# #..# ####.### #.g###
#......###..@.##
#.##.#.........#########
#.##......).........)..#
#.#########.##########.#
#.# #.# #.# #.# #.# #.#
#.# ##'## #.# #.#
##>..## #####.#### #.#
##.....## #........#


You could see a gnoll.

Vanquished Creatures
  A worker ant (D:3)
  A gnoll (D:3)
  An adder (D:2)
  A worm (D:3)
  3 giant cockroaches
  7 goblins
  5 hobgoblins
  6 jackals
  9 bats
  6 giant newts
  4 kobolds
  9 rats
53 creatures vanquished.

Notes
Turn   | Place    | Note
--------------------------------------------------------------
     0 | D:1      | Kae, the Tengu Fire Elementalist, began the quest for the Orb.
     0 | D:1      | Reached XP level 1. HP: 10/10 MP: 3/3
   267 | D:1      | Reached XP level 2. HP: 15/15 MP: 5/5
   518 | D:1      | Reached skill level 4 in Fire Magic
   518 | D:1      | Reached XP level 3. HP: 12/19 MP: 6/6
   689 | D:1      | Found an ancient bone altar of Kikubaaqudgha.
  1065 | D:2      | Learned a level 2 spell: Throw Flame
  1262 | D:2      | Found a glowing silver altar of Zin.
  1345 | D:3      | Reached XP level 4. HP: 24/24 MP: 4/8
  1356 | D:3      | Learned a level 3 spell: Conjure Flame
  1675 | D:3      | Found a sparkling altar of Nemelex Xobeh.
  2269 | D:3      | Mangled by a gnoll

Action                   |  1- 3 |  4- 6 || total
-------------------------+-------+-------++-------
Melee: Dagger            |    97 |    25 ||   122
       Unarmed           |     4 |       ||     4
Throw: Dart              |       |     9 ||     9
 Cast: Flame Tongue      |    23 |    24 ||    47
       Conjure Flame     |       |     1 ||     1
  Use: Potion            |     1 |       ||     1
 Stab: Sleeping          |     4 |       ||     4
